 Dungeon Crawl Stone Soup version 0.31.0-12-g77e489cdc1 (webtiles) character file.

Game seed: 1831310817624781577

4048 Rassilon the Destroyer (level 10, -9/100 (103) HPs)
             Began as a Grey Draconian Conjurer on Feb 14, 2024.
             Was a Believer of Qazlal.
             Mangled by a wight
             ... wielding a +2 scimitar of freezing
              (13 damage)
             ... on level 8 of the Dungeon.
             The game lasted 00:41:07 (8091 turns).

Rassilon the Destroyer (Grey Draconian Conjurer)    Turns: 8091, Time: 00:41:07

HP:   -9/100 (103)  AC: 14    Str:  7    XL:     10   Next: 4%
MP:   22/38         EV: 14    Int: 22    God:    Qazlal [**....]
Gold: 0             SH:  2    Dex: 11    Spells: 16/22 levels left

rFire   + . .        y - +2 whip (elec)
rCold   . . .        (no shield)
rNeg    . . .        (body armour unavailable)
rPois   .            c - +2 hat
rElec   .            (no cloak)
rCorr   .            (no gloves)
SInv    .            (no boots)
Will    .....        (no amulet) Stlth
                     i - ring of magical power
HPRegen 0.36/turn    p - ring of magical power
MPRegen 0.26/turn

%: no passive effects
@: berserking, lightly drained, very quick
A: AC +12, amphibious, unfitting armour, cold-blooded, hooves 1, fire resistance
1, weak 1
a: Renounce Religion, Upheaval


You were on level 8 of the Dungeon.
You worshipped Qazlal.
Qazlal was pleased with you.
You visited 2 branches of the dungeon, and saw 9 of its levels.
You also visited: Sewer.

You collected 92 gold pieces.
You spent 92 gold pieces at shops.

Inventory:

Hand Weapons
 y - a +2 whip of electrocution (weapon)
Missiles
 x - a throwing net
Armour
 c - a +2 hat (worn)
Jewellery
 i - a ring of magical power (left hand)
 p - a ring of magical power (right hand)
Wands
 j - a wand of digging (4)
 w - a wand of paralysis (5)
 A - a wand of polymorph (11)
Scrolls
 b - a scroll of noise
 d - 3 scrolls of revelation
 q - 2 scrolls of immolation
 s - 4 scrolls of teleportation
 t - 2 scrolls of fear
 u - a scroll of amnesia
 v - a scroll of enchant armour {unknown}
 z - a scroll of blinking
 E - a scroll of acquirement {unknown}
Potions
 a - a potion of magic
 e - 5 potions of attraction
 f - 6 potions of curing
 g - 2 potions of lignification
 h - 2 potions of ambrosia
 k - 2 potions of resistance
 m - 2 potions of haste
 o - a potion of enlightenment
 B - a potion of invisibility
 C - 2 potions of might
 D - 3 potions of heal wounds
 F - a potion of cancellation {unknown}


   Skills:
 + Level 8.1 Dodging
 - Level 1.7 Stealth
 + Level 6.9 Spellcasting
 + Level 9.5 Conjurations
 - Level 3.2 Ice Magic


You had 16 spell levels left.
You knew the following spells:

 Your Spells              Type           Power      Damage    Failure   Level
a - Magic Dart            Conj           100%       1d8       1%          1
b - Searing Ray           Conj           98%        2d8       1%          2
c - Ozocubu's Armour      Ice            21%        N/A       7%          3

Your spell library contained the following spells:

 Spells                   Type           Power      Damage    Failure   Level
 Fulminant Prism          Conj/Alch      14%        3d8       12%         4
 Iskenderun's Mystic Bla  Conj/Tloc      28%        2d7       12%         4
 Blink                    Tloc           14%        N/A       13%         2
 Call Imp                 Summ           14%        N/A       13%         2
 Fugue of the Fallen      Necr           7%         N/A       26%         3
 Manifold Assault         Tloc           7%         N/A       63%         4
 Summon Blazeheart Golem  Fire/Summ      7%         N/A       63%         4
 Orb of Destruction       Conj           24%        9d9       80%         7
 Spellforged Servitor     Conj/Summ      14%        N/A       100%        7


Dungeon Overview and Level Annotations

Branches:
Dungeon (8/15)             Temple (1/1) D:5           Sewer (visited)
   Lair: D:8-11

Altars:
Ashenzari
Cheibriados
Dithmenos
Elyvilon
Fedhas
Gozag
Hepliaklqana
Kikubaaqudgha
Makhleb
Okawaru
Qazlal
Ru
Sif Muna
Trog
Uskayaw
Vehumet
Wu Jian
Xom
Yredelemnul
Zin
The Shining One

Shops:
D:2 !((   D:6 [*[:

Annotations:
D:7 2 transporters, Silvore's ghost, novice DsFi
D:8 Maurice


Innate Abilities, Weirdness & Mutations

Your dull iron-grey scales are very hard. (AC +12)
You are amphibious.
You cannot fit into any form of body armour.
You are cold-blooded and may be slowed by cold attacks.
You have large cloven feet.
Your flesh is heat resistant. (rF+)
You are weak. (Str -2)


Message History

You now have 0 gold pieces.
Something bites you but does no damage.
A gnoll comes into view. It is wielding a +0 whip.
An orc comes into view. It is wielding a +0 club.
The wight closely misses you.
Blink to where?
Press: ? - help, Dir - move target A wight comes into view.
It is wielding a +2 spear of freezing.
As you read the scroll labelled EBIUDD POOSTENK, it crumbles to dust.
It was a scroll of blinking.
A throwing net appears from out of thin air!
The throwing net completely misses you.
A wight comes into view. It is wielding a +0 battleaxe.
The wight closely misses you.
The wight hits you from afar with a +5 halberd!
* * * LOW HITPOINT WARNING * * *
The wight moves out of view.
You hear a zap.
A puff of flame appears from out of thin air!
The puff of flame hits you but does no damage.
You resist. The wight barely misses you. x2
You feel better. The wight closely misses you. The wight misses you.
The wight closely misses you.
Something drops a +0 short sword.
Something picks up a +0 flail.
The howler monkey hoots and howls with incredible vigour!
You hear an angry hiss.
You hear a shout! x3
A red film seems to cover your vision as you go berserk!
You feel yourself moving faster!
You feel mighty!
A wyvern comes into view.
The wight hits you from afar with a +5 spear.
* * * LOW HITPOINT WARNING * * *
The wight hits you with a +2 scimitar of freezing!
* * * LOW HITPOINT WARNING * * *
The wight freezes you.
* * * LOW HITPOINT WARNING * * *
You hit the wight but do no damage. Lightning courses through the wight!
Your kick misses the wight.
The wight is almost destroyed.
The wight barely misses you.
The wight hits you with a +2 scimitar of freezing!
You die...

.. #..# #..###
#..# ......###
#..#
.[......###..####
#.....<.##.....
###.#....#.##.#
#.##...z..#.###
#.k####.z.....###
#.@####.........
##.zh(.z#...####
###zzzg........
.........o).#.....
####..#.##.####...
##...##..# ..
#..####.##
..)....!o)#
##..####..)..z..o


You could see a wyvern, a howler monkey, 5 wights, a gnoll and an orc.

Vanquished Creatures
  An unseen horror (D:7)
  A wyvern (D:7)
  6 yaks
  2 water moccasins
  2 black bears (D:6)
  3 sky beasts
  3 ogres
  A phantom (D:7)
  2 brain worms (Sewer)
  A bullfrog (D:8)
  A scorpion (D:6)
  5 wights
  6 killer bees
  3 howler monkeys
  3 hounds
  An orc priest (D:6)
  3 bombardier beetles
  2 gnoll boudas (D:5)
  4 iguanas
  A sleepcap (D:7)
  15 gnolls
  13 adders
  5 river rats (Sewer)
  A shadow imp (D:6)
  2 white imps
  2 ufetubi (D:7)
  6 dart slugs
  2 ribbon worms
  8 orcs
  7 bats
  5 endoplasms
  3 giant cockroaches (D:1)
  4 goblins
  8 hobgoblins
  6 jackals
  7 kobolds
  5 quokkas
  9 ball pythons
  6 frilled lizards (Sewer)
  13 rats
178 creatures vanquished.

Notes
Turn   | Place    | Note
-------+----------+-------------------------------------------
     0 | D:1      | Rassilon the Draconian Conjurer began the quest for the
                  | Orb.
     0 | D:1      | Reached XP level 1. HP: 14/14 MP: 3/3
   204 | D:1      | Reached XP level 2. HP: 20/20 MP: 0/5
   412 | D:1      | Learned a level 2 spell: Searing Ray
   580 | D:1      | Reached XP level 3. HP: 25/26 MP: 1/6
  1331 | D:2      | Found Ogaris's Antique Weapon Emporium.
  1541 | D:2      | Reached XP level 4. HP: 33/33 MP: 5/7
  1688 | D:2      | Found Xaogi's Weapon Emporium.
  1719 | D:2      | Found Poehav's Distillery.
  1728 | D:2      | Bought a potion of curing for 30 gold pieces
  1728 | D:2      | Bought a potion of attraction for 30 gold pieces
  1728 | D:2      | Bought a potion of degeneration for 10 gold pieces
  1859 | D:3      | Learned a level 3 spell: Ozocubu's Armour
  2002 | D:3      | Gained mutation: Your tail ends in a venomous barb. [potion
                  | of mutation]
  2002 | D:3      | Gained mutation: You have a pair of small antennae on your
                  | head. [potion of mutation]
  2002 | D:3      | Gained mutation: Your flesh is heat resistant. (rF+)
                  | [potion of mutation]
  2003 | D:3      | Lost mutation: Your tail ends in a venomous barb. [potion
                  | of mutation]
  2003 | D:3      | Lost mutation: You have a pair of small antennae on your
                  | head. [potion of mutation]
  2003 | D:3      | Gained mutation: You are weak. (Str -2) [potion of
                  | mutation]
  2003 | D:3      | Gained mutation: You have large cloven feet. [potion of
                  | mutation]
  2089 | D:3      | Reached skill level 5 in Conjurations
  2421 | D:3      | Reached skill level 1 in Ice Magic
  2619 | D:3      | Reached XP level 5. HP: 38/38 MP: 2/8
  2692 | D:3      | Found a hide-covered altar of Uskayaw.
  2692 | D:3      | Found a burning altar of Makhleb.
  3227 | D:4      | Found an opulent altar of Gozag.
  3232 | D:4      | Found a white marble altar of Elyvilon.
  3240 | D:4      | Found a broken altar of Ashenzari.
  3247 | D:4      | Found a glowing silver altar of Zin.
  3254 | D:4      | Found a snail-covered altar of Cheibriados.
  3260 | D:4      | Found a shimmering altar of Xom.
  3273 | D:4      | Found an iron altar of Okawaru.
  3363 | D:4      | Reached XP level 6. HP: 45/45 MP: 8/9
  3688 | D:5      | Entered Level 5 of the Dungeon
  3806 | D:5      | Reached skill level 6 in Conjurations
  4038 | D:5      | Your scales start taking on a dull iron-grey colour.
  4038 | D:5      | Reached XP level 7. HP: 50/50 MP: 10/10
  4139 | D:5      | Noticed a yak
  4139 | D:5      | Noticed a yak
  4139 | D:5      | Noticed a yak
  4139 | D:5      | Noticed a yak
  4139 | D:5      | Noticed a yak
  4139 | D:5      | Noticed a yak
  4170 | D:4      | Killed a yak
  4226 | D:5      | Reached skill level 5 in Dodging
  4450 | D:4      | Killed a yak
  4451 | D:4      | Reached XP level 8. HP: 27/57 MP: 13/13
  4618 | D:5      | Found a staircase to the Ecumenical Temple.
  4638 | Temple   | Entered the Ecumenical Temple
  4675 | Temple   | Became a worshipper of Qazlal Stormbringer
  4932 | D:5      | Reached skill level 7 in Conjurations
  5078 | D:6      | Found Xesujoan's General Store.
  5086 | D:6      | Bought a scroll of identify for 22 gold pieces
  5101 | D:6      | Found Evumatagh's Book Shop.
  5148 | D:6      | Found a glowing drain.
  5157 | Sewer    | Entered a sewer
  5416 | Sewer    | Reached * piety under Qazlal
  5559 | Sewer    | Reached skill level 5 in Spellcasting
  5559 | Sewer    | Reached skill level 8 in Conjurations
  5746 | D:6      | Identified the +1 leather armour of the Sturgeon {Dex+5}
  6142 | D:6      | Found Fier's Armour Emporium.
  6150 | D:6      | Reached XP level 9. HP: 62/62 MP: 16/16
  6677 | D:6      | Found Geisyes's Armour Shoppe.
  7143 | D:7      | Reached skill level 9 in Conjurations
  7201 | D:7      | Noticed a kobold demonologist
  7204 | D:7      | Found a transporter.
  7204 | D:7      | Noticed Silvore's ghost (novice DsFi)
  7205 | D:7      | Found a transporter.
  7548 | D:7      | Killed an unseen horror
  8060 | D:8      | Reached XP level 10. HP: 69/69 MP: 20/20
  8063 | D:8      | Noticed Maurice
  8075 | D:8      | Reached ** piety under Qazlal
  8077 | D:8      | Something stole a ring of ice
  8078 | D:8      | Something stole a +2 short sword of freezing
  8082 | D:8      | Something stole 2 throwing nets
  8083 | D:8      | Something stole 202 gold
  8090 | D:8      | HP: 4/100 [wight/+2 scimitar of freezing (5)]
  8091 | D:8      | Mangled by a wight

Illustrated notes

Levels and vault maps discovered:
D:1:      dpeg_arrival_signposts, layout_rooms, minmay_tetromino_i4
D:2:      layout_rooms, serial_shops, shop, shop, shop
D:3:      layout_loops_corners, gammafunk_temple_overflow_statue, dk_vineyard_1,
          kennysheep_generic_room_16
D:4:      layout_gridville, grunt_temple_overflow_octagram, bh_walls_and_bars
D:5:      layout_gridville, minmay_temple_entry_statues,
          hangedman_decor_diamond_cutter, minmay_fractal_squares_5
D:6:      layout_loops_corners, portal_sewer_entry_d, serial_shops, shop,
          nicolae_shop_tiny_statue_garden, nicolae_shop_trees,
          nicolae_shop_tiny_statue_garden
D:7:      layout_gridville, gammafunk_ghost_arena, kennysheep_flooded_box
D:8:      layout_rooms, uniq_maurice
Temple:   minmay_temple_forest_path

Skill      XL: |  1  2  3  4  5  6  7  8  9 |
---------------+----------------------------+-----
Dodging        | 2 3 4 5 6 8 |  8.1
Conjurations   | 5 6 8 9 |  9.5
Ice Magic      | 1 2 3 |  3.2
Spellcasting   | 3 5 6 |  6.9
Stealth        | |  1.7

Action                     |  1- 3 |  4- 6 |  7- 9 | 10-12 || total
---------------------------+-------+-------+-------+-------++-------
  Melee: Unarmed           |   131 |     3 |       |       ||   134
         Tailslap          |     8 |     7 |    11 |       ||    26
         Punch             |     1 |       |     1 |       ||     2
         Short sword       |       |    46 |    13 |       ||    59
         Kick              |       |    13 |    23 |     2 ||    38
         Whip              |       |       |   130 |     7 ||   137
   Cast: Magic Dart        |    58 |    49 |    66 |       ||   173
         Searing Ray       |     4 |    14 |    41 |     2 ||    61
         Ozocubu's Armour  |       |     2 |     3 |       ||     5
    Use: Scroll            |       |    10 |     6 |     2 ||    18
         Potion            |       |     2 |     3 |     2 ||     7
   Stab: Sleeping          |       |     3 |     1 |       ||     4
 Armour: Skin              |    95 |    42 |   204 |    27 ||   368
  Dodge: Dodged            |   112 |    36 |   157 |    20 ||   325
  Block: Other             |       |       |    12 |     1 ||    13
